Map: Pendiente de Agustín EE

Players

TATORREA - Winner!

  • Race: Protoss Protoss
  • League: Gold
  • Spawn Location: 12:00

tigro - Winner!

  • Race: Terran Terran
  • League: Bronze
  • Spawn Location: 11:00

MrFercho - Winner!

  • Race: Zerg Zerg
  • League: Gold
  • Spawn Location: 12:00

RoByGorDo

  • Race: Protoss Protoss
  • League: Silver
  • Spawn Location: 6:00

pajlu

  • Race: Protoss Protoss
  • Spawn Location: 6:00

LucasKiller

  • Race: Protoss Protoss
  • Spawn Location: 5:00

VOD

Have the link to the VOD?

Description

Time

  • Played on: Aug. 3, 2020, 8:54 p.m.
  • Length: 12:53
Show
View Real Time Build Order
Export as new Build Order

TATORREA Protoss - Winner!

Build Orders: Chargelot Immortal 

Get SALT Encoding   

  12  0:03  Probe  
  13  0:15  Probe  
  14  0:27  Probe  
  14  0:28  Pylon  
  15  0:46  Probe  
  16  0:51  Gateway  
  16  0:58  Probe  
  17  1:10  Probe  
  18  1:28  Probe  
  18  1:31  Gateway  
  19  1:40  Probe  
  19  1:46  Assimilator  
  20  1:49  Pylon  
  20  1:52  Pylon, Cybernetics Core  
  20  1:57  Assimilator, Probe  
  21  2:10  Probe  
  21  2:12  Gateway  
  22  2:15  Gateway  
  22  2:22  Probe  
  23  2:28  Warp Gate  
  23  2:44  Stalker x2 (Chrono Boost)  
  23  2:51  Probe  
  27  3:03  Stalker  
  27  3:05  Stalker  
  31  3:14  Nexus  
  31  3:20  Pylon  
  31  3:24  Probe (Chrono Boost)  
  33  3:35  Probe (Chrono Boost)  
  33  3:39  Probe (Chrono Boost)  
  34  3:44  Twilight Council  
  34  3:50  Probe  
  35  3:56  Pylon  
  35  4:03  Probe  
  36  4:13  Robotics Facility  
  36  4:15  Probe  
  37  4:27  Probe  
  37  4:28  Probe  
  39  4:31  Stalker  
  39  4:33  Stalker  
  39  4:37  Stalker  
  45  4:39  Probe  
  45  4:40  Probe  
  45  4:44  Stalker  
  49  4:51  Probe  
  49  4:52  Blink (Chrono Boost), Probe  
  51  5:03  Probe  
  51  5:04  Probe  
  53  5:15  Probe  
  53  5:16  Probe  
  55  5:33  Probe  
  55  5:34  Probe  
  55  5:45  Probe  
  55  5:46  Probe  
  57  5:58  Probe x2  
  53  6:08  Stalker x4  
  53  6:10  Probe x2  
  55  6:13  Assimilator  
  55  6:15  Assimilator  
  55  6:22  Probe  
  56  6:25  Immortal (Chrono Boost)  
  60  6:35  Nexus  
  60  6:36  Pylon  
  60  6:39  Pylon  
  60  6:57  Immortal  
  64  7:06  Probe x2  
  66  7:09  Stalker x3  
  66  7:10  Stalker, Charge (Chrono Boost)  
  74  7:18  Probe x2  
  74  7:22  Pylon  
  76  7:27  Pylon  
  76  7:30  Probe x2  
  76  7:35  Zealot x3  
  84  7:38  Pylon, Zealot  
  84  7:40  Gateway, Immortal  
  84  7:42  Gateway, Probe  
  84  7:43  Probe  
  92  7:45  Gateway  
  92  7:47  Probe  
  92  7:48  Gateway  
  92  7:50  Assimilator  
  93  7:52  Assimilator  
  93  7:54  Probe  
  93  7:55  Probe  
  93  7:56  Zealot  
  93  7:57  Zealot  
  99  7:59  Probe, Zealot  
  102  8:11  Zealot  
  104  8:16  Probe x3  
  108  8:20  Observer  
  108  8:21  Zealot x3  
  114  8:28  Probe x3  
  101  9:18  Zealot x4  
  101  9:19  Zealot x4  
  109  9:25  Immortal  
  86  9:43  Zealot  
  86  9:44  Zealot x3  
  86  9:45  Zealot x4  
  102  9:55  Robotics Bay  
  102  10:00  Templar Archives  
  102  10:04  Immortal  
  106  10:11  Zealot x3  
  112  10:21  Pylon, Nexus  
  112  10:24  Pylon  
  112  10:25  Pylon  
  112  10:27  Pylon  
  106  10:43  Immortal (Chrono Boost)  
  74  11:07  Zealot x4  
  74  11:08  Zealot x2  
  74  11:09  Zealot x2  
  90  11:14  Probe x2  
  90  11:15  Probe  
  90  11:16  Immortal (Chrono Boost)  
  97  11:26  Probe x2  
  97  11:27  Probe  
  97  11:28  Psionic Storm  
  100  11:34  Forge  
  100  11:37  Forge  
  100  11:38  Forge, Probe  
  100  11:39  Probe  
  102  11:44  Assimilator, Zealot x2  
  102  11:45  Zealot x4  
  102  11:46  Zealot  
  112  11:50  Assimilator  
  112  11:51  Immortal  
  112  11:53  Gateway  
  116  11:54  Gateway  
  116  11:57  Gateway  
  116  11:59  Gateway, Zealot  
  118  12:01  Gateway  
  118  12:03  Probe x3  
  118  12:04  Gateway, Probe  
  118  12:06  Gateway  
  102  12:31  Observer, Zealot x4  
  102  12:32  Zealot x4  
Show
View Real Time Build Order
Export as new Build Order

tigro Terran - Winner!

Build Orders:  

Get SALT Encoding   

  12  0:11  Supply Depot  
  12  0:13  SCV  
  13  0:25  SCV  
  14  0:37  SCV  
  14  0:39  Barracks  
  15  0:45  Refinery  
  15  0:49  SCV  
  16  1:01  SCV  
  16  1:02  Refinery  
  17  1:13  SCV  
  18  1:23  Supply Depot  
  18  1:25  SCV  
  19  1:42  Factory  
  19  1:43  Barracks Tech Lab  
  19  1:54  SCV  
  20  2:05  Marine  
  20  2:06  SCV  
  22  2:18  SCV  
  23  2:30  SCV  
  24  2:42  Siege Tank  
  27  2:46  Barracks Tech Lab  
  27  2:55  Orbital Command  
  27  2:58  Engineering Bay  
  27  3:07  Marine  
  27  3:11  Combat Shield  
  28  3:14  Siege Tank  
  31  3:32  Marine  
  32  3:49  Marine  
  32  3:50  Command Center  
  33  4:07  Marine  
  34  4:25  Marine  
  34  4:27  Missile Turret  
  35  4:43  Marine  
  36  4:48  Missile Turret  
  36  4:59  Starport  
  36  5:01  Marine  
  36  5:03  Terran Infantry Weapons Level 1  
  36  5:05  Refinery  
  36  5:06  SCV  
  38  5:10  Missile Turret  
  38  5:18  Marine  
  38  5:19  SCV  
  40  5:26  Stimpack  
  40  5:31  SCV  
  41  5:36  Armory, Marine  
  41  5:40  Missile Turret  
  42  5:43  Medivac  
  44  5:54  Marine  
  45  6:01  Missile Turret  
  45  6:31  SCV  
  46  6:42  Supply Depot, Refinery  
  46  6:44  SCV  
  47  6:56  SCV  
  47  6:58  Terran Infantry Armor Level 1  
  48  7:05  Supply Depot  
  48  7:08  SCV  
  49  7:20  SCV  
  50  7:38  Marine  
  50  7:40  Thor  
  54  7:56  Marine  
  52  8:00  Starport Tech Lab  
  51  8:14  Marine  
  48  8:23  Thor  
  52  8:29  Medivac  
  52  8:32  Marine  
  55  8:41  Barracks  
  55  8:49  Marine  
  56  8:57  Command Center  
  56  8:59  Medivac  
  58  9:06  Thor  
  58  9:07  Marine  
  65  9:20  Fusion Core  
  65  9:25  Marine  
  66  9:49  Thor  
  65  10:12  Marine  
  51  10:29  Marine  
  51  10:32  Thor  
  58  10:42  Medivac  
  60  10:47  Marine  
  54  11:05  Marine  
  55  11:11  Marine  
  55  11:12  Medivac  
  55  11:14  Thor  
  64  11:23  Marine  
  65  11:29  Marine  
  66  11:40  Refinery  
  66  11:41  Marine  
  66  11:42  Battlecruiser  
  66  11:45  SCV  
  74  11:47  Marine  
  74  11:49  SCV  
  74  11:50  Refinery  
  76  11:57  Thor, SCV  
  76  11:59  Marine  
  85  12:01  SCV  
  85  12:05  Marine  
  84  12:09  SCV  
  84  12:13  SCV  
  80  12:16  Marine  
  80  12:21  SCV  
  82  12:23  Marine  
  82  12:25  SCV  
  84  12:33  SCV  
  84  12:34  Marine  
  86  12:37  SCV  
  85  12:47  Barracks Reactor  
Show
View Real Time Build Order
Export as new Build Order

MrFercho Zerg - Winner!

Build Orders: Pool First 

Get SALT Encoding   

  12  0:19  Spawning Pool  
  11  0:22  Drone  
  11  0:27  Drone  
  13  0:35  Overlord  
  13  0:40  Drone  
  14  0:54  Drone  
  14  0:55  Drone  
  16  1:15  Hatchery  
  16  1:16  Zergling x2  
  16  1:20  Zergling x2  
  17  1:28  Drone  
  18  1:37  Drone  
  19  1:51  Extractor, Drone  
  19  1:59  Drone  
  20  2:03  Queen  
  22  2:13  Overlord  
  22  2:33  Drone  
  22  2:36  Queen  
  25  2:40  Drone x3  
  28  3:01  Metabolic Boost  
  28  3:03  Drone x4  
  32  3:06  Overlord  
  32  3:13  Zergling x2  
  33  3:22  Drone  
  34  3:34  Overlord  
  34  3:37  Drone x5  
  39  3:43  Baneling Nest  
  39  3:45  Drone  
  39  3:47  Queen  
  41  3:56  Hatchery  
  41  3:57  Drone x4  
  44  4:07  Drone x4  
  44  4:08  Overlord  
  48  4:19  Zergling x8  
  48  4:21  Overlord  
  52  4:25  Lair  
  52  4:39  Extractor  
  52  4:43  Zergling x10  
  56  4:49  Zergling x4, Evolution Chamber  
  57  4:57  Zergling x4  
  57  4:58  Hatchery  
  58  5:07  Baneling x2  
  58  5:08  Baneling x5  
  58  5:12  Zergling x12  
  64  5:39  Zergling x16  
  64  5:40  Zergling x2  
  69  6:03  Zergling x2, Overlord x4  
  61  6:17  Zergling x20  
  71  6:23  Zerg Melee Weapons Level 1  
  69  6:43  Zergling x20  
  69  7:04  Zergling x24  
  69  7:07  Overlord  
  69  7:08  Overlord x2  
  80  7:10  Zergling x2  
  80  7:22  Centrifical Hooks  
  78  7:25  Zergling x14  
  78  7:27  Baneling  
  78  7:28  Baneling x5  
  82  8:01  Zergling x4  
  82  8:02  Zergling x24  
  66  8:21  Zergling x14  
  66  8:23  Zergling x2  
  65  8:40  Zergling x8  
  65  8:41  Zergling x6  
  71  9:11  Baneling x15  
  71  9:26  Extractor  
  70  9:33  Extractor  
  69  9:48  Zerg Ground Armor Level 1  
  54  10:22  Zergling x8  
  54  10:23  Zergling x28  
  62  10:37  Zergling x16  
  68  10:48  Zergling x12  
  74  10:52  Overseer  
  74  10:53  Overseer x2  
  74  10:56  Pneumatized Carapace  
  72  11:23  Zergling x18  
  72  11:24  Zergling x12  
  87  11:26  Baneling x13  
  87  11:31  Drone  
  86  11:32  Drone  
  86  11:33  Drone x2  
  67  12:11  Zergling x20  
  67  12:12  Zergling x10  
  74  12:26  Zergling x10  
  70  12:44  Evolution Chamber  
  70  12:46  Hydralisk Den  
Show
View Real Time Build Order
Export as new Build Order

RoByGorDo Protoss 

Build Orders: Double Forge 

Get SALT Encoding   

  12  0:00  Probe (Chrono Boost)  
  13  0:12  Probe (Chrono Boost)  
  14  0:17  Probe (Chrono Boost)  
  15  0:26  Pylon  
  15  0:32  Assimilator  
  15  0:45  Probe  
  16  0:52  Gateway  
  16  0:58  Probe  
  17  1:10  Pylon, Probe  
  18  1:19  Assimilator  
  18  1:22  Probe  
  19  1:35  Probe  
  19  1:38  Forge  
  20  1:44  Cybernetics Core  
  20  1:56  Probe  
  21  2:05  Gateway  
  21  2:08  Probe  
  22  2:11  Photon Cannon  
  22  2:17  Warp Gate (Chrono Boost)  
  22  2:20  Probe  
  23  2:23  Stalker  
  25  2:55  Nexus  
  25  2:59  Stalker  
  27  3:19  Pylon  
  27  3:30  Photon Cannon  
  27  3:37  Probe (Chrono Boost)  
  27  3:40  Protoss Ground Weapons Level 1 (Chrono Boost)  
  28  3:47  Probe (Chrono Boost)  
  29  3:52  Probe (Chrono Boost)  
  30  3:56  Pylon  
  30  4:00  Shield Battery  
  30  4:07  Probe x2 (Chrono Boost)  
  32  4:16  Probe (Chrono Boost)  
  34  4:17  Stalker  
  34  4:19  Probe (Chrono Boost)  
  34  4:20  Stalker  
  34  4:21  Probe (Chrono Boost)  
  39  4:33  Probe  
  39  4:38  Twilight Council  
  40  4:45  Probe  
  41  4:47  Forge  
  41  4:51  Robotics Facility  
  41  5:03  Pylon  
  41  5:05  Pylon  
  41  5:15  Blink  
  41  5:23  Stalker x2  
  45  5:31  Protoss Ground Armor Level 1 (Chrono Boost)  
  45  6:03  Stalker x2  
  47  6:23  Immortal  
  51  6:26  Assimilator  
  51  6:31  Assimilator  
  49  6:34  Stalker  
  49  6:35  Stalker, Photon Cannon  
  49  6:37  Photon Cannon  
  45  7:04  Dark Shrine, Photon Cannon  
  45  7:07  Photon Cannon  
  41  7:13  Stalker  
  41  7:14  Stalker  
  45  7:16  Immortal  
  49  7:33  Pylon  
  49  7:43  Probe (Chrono Boost), Protoss Shields Level 1 (Chrono Boost)  
  50  7:53  Probe (Chrono Boost)  
  50  7:54  Photon Cannon  
  50  7:57  Immortal  
  50  7:58  Probe (Chrono Boost)  
  53  8:00  Pylon  
  53  8:03  Gateway  
  50  8:09  Protoss Ground Weapons Level 2 (Chrono Boost)  
  50  8:10  Stalker, Probe  
  50  8:11  Stalker  
  51  8:15  Charge  
  49  8:22  Probe  
  50  8:36  Immortal  
  50  8:39  Shadow Stride  
  50  8:40  Dark Templar  
  50  8:41  Dark Templar  
  58  8:54  Pylon  
  58  9:10  Dark Templar  
  60  9:23  Dark Templar  
  61  9:24  Dark Templar  
  63  9:39  Immortal  
  67  10:02  Dark Templar  
  67  10:03  Dark Templar x2  
  53  10:37  Dark Templar  
  53  10:38  Dark Templar  
  57  11:00  Immortal  
  57  11:08  Pylon  
  57  11:15  Pylon  
  57  11:23  Pylon  
  57  11:33  Photon Cannon  
  57  11:35  Photon Cannon  
  57  11:38  Photon Cannon  
  57  11:39  Photon Cannon  
  55  11:41  Immortal  
  55  11:46  Pylon  
  59  11:48  Photon Cannon  
  59  11:55  Dark Templar x2  
Show
View Real Time Build Order
Export as new Build Order

pajlu Protoss 

Build Orders:  

Get SALT Encoding   

  12  0:00  Probe  
  13  0:12  Probe  
  14  0:24  Probe  
  15  0:38  Pylon  
  15  0:47  Assimilator  
  15  0:56  Probe  
  16  0:58  Gateway  
  16  1:04  Pylon  
  16  1:08  Probe  
  17  1:20  Probe  
  18  1:32  Probe  
  19  2:02  Gateway  
  19  2:04  Gateway  
  19  2:10  Forge  
  19  2:13  Cybernetics Core  
  19  2:18  Pylon  
  19  2:28  Assimilator  
  19  2:40  Nexus  
  19  2:48  Warp Gate (Chrono Boost)  
  19  2:52  Protoss Ground Weapons Level 1 (Chrono Boost)  
  19  3:02  Zealot x2  
  19  3:03  Zealot  
  25  3:13  Assimilator  
  25  3:16  Assimilator  
  25  3:21  Probe  
  26  3:32  Pylon  
  26  3:33  Probe  
  27  3:45  Probe  
  28  3:51  Gateway  
  28  3:52  Gateway  
  28  3:57  Probe  
  29  4:09  Probe  
  30  4:12  Photon Cannon  
  30  4:15  Photon Cannon  
  30  4:21  Gateway  
  30  4:30  Probe (Chrono Boost)  
  31  4:36  Probe (Chrono Boost)  
  34  4:46  Probe (Chrono Boost)  
  34  4:47  Probe (Chrono Boost)  
  34  4:51  Protoss Ground Armor Level 1 (Chrono Boost), Probe (Chrono Boost)  
  34  4:53  Probe  
  36  5:05  Probe  
  36  5:06  Pylon  
  37  5:15  Photon Cannon  
  37  5:17  Probe  
  37  5:20  Stalker  
  37  5:21  Stalker x3  
  46  5:37  Stalker x2  
  32  6:13  Stalker x3  
  32  6:14  Stalker x2  
  32  6:15  Stalker  
  44  6:50  Stalker x2  
  44  6:51  Stalker  
  50  7:13  Stalker x3  
  56  7:24  Probe (Chrono Boost)  
  57  7:34  Photon Cannon  
  57  7:35  Photon Cannon, Probe (Chrono Boost)  
  58  7:37  Photon Cannon  
  58  7:38  Photon Cannon  
  58  7:39  Photon Cannon  
  58  7:40  Probe (Chrono Boost)  
  59  7:47  Stalker x2  
  59  7:48  Stalker x2  
  59  7:51  Probe  
  66  7:52  Stalker x2  
  68  8:03  Probe  
  50  8:51  Stalker x2  
  50  8:52  Stalker x4  
  29  9:18  Stalker x3  
  29  9:19  Stalker  
  29  9:20  Stalker x2  
  29  9:21  Stalker  
  32  9:24  Stalker  
  34  9:52  Pylon  
  8  10:30  Stalker x2  
  8  11:30  Zealot  
Show
View Real Time Build Order
Export as new Build Order

LucasKiller Protoss 

Build Orders:  

Get SALT Encoding   

  12  0:12  Pylon  
  12  0:16  Probe  
  13  0:28  Probe  
  14  0:37  Gateway  
  14  0:40  Probe  
  15  0:52  Probe  
  16  0:58  Assimilator  
  16  1:27  Cybernetics Core  
  16  1:37  Zealot (Chrono Boost)  
  18  1:43  Probe  
  19  1:55  Probe  
  19  1:58  Nexus  
  20  2:01  Zealot (Chrono Boost)  
  20  2:07  Probe  
  23  2:17  Gateway  
  23  2:32  Pylon  
  23  2:49  Assimilator  
  23  2:50  Probe  
  24  3:03  Probe  
  25  3:07  Sentry  
  27  3:15  Probe  
  28  3:26  Stalker  
  30  3:27  Probe  
  31  3:39  Probe  
  32  3:43  Gateway  
  32  3:56  Robotics Facility  
  32  3:59  Stalker  
  34  4:05  Stalker  
  36  4:13  Assimilator  
  36  4:14  Probe  
  37  4:17  Probe  
  38  4:26  Probe  
  38  4:28  Robotics Facility  
  38  4:29  Probe  
  40  4:34  Pylon  
  40  4:38  Probe  
  41  4:42  Probe  
  42  4:50  Probe  
  43  4:54  Probe  
  43  4:56  Assimilator  
  44  5:02  Probe  
  44  5:06  Probe  
  46  5:13  Stargate  
  50  5:14  Immortal, Probe  
  50  5:18  Probe  
  52  5:26  Probe  
  52  5:30  Probe  
  47  5:39  Probe  
  47  5:42  Probe  
  31  6:02  Stalker  
  33  6:05  Stalker  
  35  6:15  Pylon  
  33  6:22  Pylon  
  33  6:25  Pylon  
  33  6:31  Pylon  
  33  6:33  Immortal (Chrono Boost)  
Tags
 
Add a new tag
Caveats
  • Supply blocks, unpowered buildings, or Contaminate may cause inaccurate times.
  • Supply counts are checked every 10 seconds.